 Dungeon Crawl Stone Soup version 0.31-a0-803-g95b03c3367 (webtiles) character file.

Game seed: 11958050445576567002

33336 senseless the Fighter (level 13, -8/111 HPs)
             Began as a Minotaur Fighter on Sept 20, 2023.
             Was the Champion of the Shining One.
             Mangled by a 14-headed hydra (11 damage)
             ... on level 14 of the Dungeon.
             The game lasted 00:29:52 (12259 turns).

senseless the Fighter (Minotaur Fighter)           Turns: 12259, Time: 00:29:53

Health: -8/111     AC: 15    Str: 26      XL:     13   Next: 36%
Magic:  13/13      EV: 20    Int:  5      God:    the Shining One [******]
Gold:   775        SH: 12    Dex:  9 (10) Spells: 12/12 levels left

rFire   . . .        z - +1 war axe
rCold   + . .        B - +0 kite shield {reflect}
rNeg    + + +        y - +4 ring mail of the Ladybird {rElec rN+}
rPois   .            (helmet restricted)
rElec   +            a - +2 cloak
rCorr   .            (no gloves)
SInv    .            (no boots)
Will    .....        H - amulet of regeneration Stlth
                     q - +5 ring of evasion
HPRegen 1.18/turn    u - +5 ring of evasion
MPRegen 0.13/turn

%: reflection
@: glowing
A: horns 2, retaliatory headbutt, cold resistance 1, deterioration 1, frail 1,
high MP 1
a: Renounce Religion, Divine Shield, Cleansing Flame, Summon Divine Warrior,
Brand Weapon With Holy Wrath


You were on level 14 of the Dungeon.
You worshipped the Shining One.
The Shining One was exalted by your worship.
You visited 2 branches of the dungeon, and saw 15 of its levels.
You also visited: Ossuary.

You collected 775 gold pieces.

Inventory:

Hand Weapons
 v - a +0 broad axe
 z - a +1 war axe (weapon)
 A - a +0 arbalest
Armour
 a - a +2 cloak (worn)
 c - a +2 buckler
 x - +0 acid dragon scales
 y - the +4 ring mail of the Ladybird (worn) {rElec rN+}
   (You found it on level 8 of the Dungeon)

   rElec:     It insulates you from electricity.
   rN+:       It protects you from negative energy.
 B - a +0 kite shield of reflection (worn)
 C - a +0 plate armour
Jewellery
 l - a ring of poison resistance
 q - a +5 ring of evasion (left hand)
 u - a +5 ring of evasion (right hand)
 D - the ring of Anarchy {Drain rF+++ MP+9 Str-2 Stlth+}
   (You found it on level 10 of the Dungeon)

   [ring of magical power]

   Str-2:     It affects your strength (-2).
   rF+++:     It renders you almost immune to fire.
   MP+9:      It affects your magic capacity (+9).
   Drain:     It drains your maximum health when unequipped.
   Stlth+:    It makes you more stealthy.
 H - an amulet of regeneration (around neck)
 J - an amulet of magic regeneration
Wands
 b - a wand of polymorph (26)
 j - a wand of quicksilver (7)
 s - a wand of paralysis (10) (quivered)
 E - a wand of flame (4)
 G - a wand of digging (13)
 K - a wand of iceblast (3)
Scrolls
 i - 2 scrolls of poison
 m - 8 scrolls of teleportation
 p - a scroll of blinking
 w - 2 scrolls of fear
 F - a scroll of summoning
 I - 4 scrolls of identify
Potions
 d - 3 potions of might
 e - 3 potions of attraction
 f - 2 potions of cancellation
 g - a potion of heal wounds
 h - a potion of invisibility
 k - 5 potions of curing
 n - 3 potions of enlightenment
 o - 2 potions of resistance
 r - a potion of berserk rage
 t - 3 potions of haste


   Skills:
 + Level 14.2 Fighting
 + Level 14.0 Axes
 + Level 14.2 Armour
 + Level 14.2 Shields


You had 12 spell levels left.
You didn't know any spells.
Your spell library contained the following spells:

 Spells                   Type           Power      Damage    Failure   Level
 Sandblast                Erth           0%         2d4       71%         1
 Summon Small Mammal      Summ           0%         N/A       71%         1
 Passwall                 Tmut/Erth      0%         N/A       85%         2
 Poisonous Vapours        Pois/Air       0%         N/A       85%         2
 Sublimation of Blood     Necr           0%         N/A       85%         2
 Wereblood                Tmut           0%         N/A       85%         2
 Call Canine Familiar     Summ           0%         N/A       97%         3
 Frozen Ramparts          Ice            0%         1d1       97%         3
 Hailstorm                Conj/Ice       0%         3d3       97%         3
 Mephitic Cloud           Conj/Pois/Air  0%         N/A       97%         3
 Stone Arrow              Conj/Erth      0%         3d7       97%         3
 Summon Guardian Golem    Hex/Summ       0%         N/A       97%         3
 Tukima's Dance           Hex            0%         N/A       97%         3
 Brom's Barrelling Bould  Conj/Erth      0%         2d3       100%        4
 Dimensional Bullseye     Hex/Tloc       0%         N/A       100%        4
 Iskenderun's Mystic Bla  Conj/Tloc      0%         2d3       100%        4
 Leda's Liquefaction      Hex/Erth       0%         N/A       100%        4
 Petrify                  Tmut/Erth      0%         N/A       100%        4
 Summon Ice Beast         Ice/Summ       0%         N/A       100%        4
 Freezing Cloud           Conj/Ice/Air   0%         6-21      100%        5
 Irradiate                Conj/Tmut      0%         3d11      100%        5
 Metabolic Englaciation   Hex/Ice        0%         N/A       100%        5
 Summon Mana Viper        Hex/Summ       0%         N/A       100%        5
 Conjure Ball Lightning   Conj/Air       0%         3x3d6     100%        6
 Leda's Unmaking          Conj/Erth      0%         9d1       100%        6
 Simulacrum               Ice/Necr       0%         N/A       100%        6
 Monstrous Menagerie      Summ           0%         N/A       100%        7
 Discord                  Hex            0%         N/A       100%        8
 Disjunction              Tloc           0%         N/A       100%        8


Dungeon Overview and Level Annotations

Branches:
Dungeon (14/15)            Temple (1/1) D:4            Lair (0/5) D:11
    Orc (0/2) D:12        Ossuary (visited)
 Vaults: D:13-14

Altars:
Ashenzari
Cheibriados
Dithmenos
Elyvilon
Fedhas
Gozag
Hepliaklqana
Kikubaaqudgha
Makhleb
Nemelex Xobeh
Okawaru
Qazlal
Ru
Sif Muna
Trog
Uskayaw
Vehumet
Wu Jian
Xom
Yredelemnul
Zin
The Shining One

Shops:
D:6 :


Innate Abilities, Weirdness & Mutations

You have a pair of horns on your head.
You reflexively headbutt those who attack you in melee.
Your flesh is cold resistant. (rC+)
Your body sometimes deteriorates upon taking damage.
You are frail. (-10% HP)
You have an increased reservoir of magic. (+10% MP)


Message History

The 14-headed hydra closely misses you. The 14-headed hydra bites you.
* * * LOW HITPOINT WARNING * * *
The 14-headed hydra bites you but does no damage. x2
You fail to use your ability.
The 14-headed hydra bites you but does no damage.
You block the 14-headed hydra's attack. x2; The 14-headed hydra bites you.
* * * LOW HITPOINT WARNING * * *
The 14-headed hydra bites you but does no damage.
You block the 14-headed hydra's attack.
The 14-headed hydra bites you but does no damage. x6
The 14-headed hydra barely misses you. x2
Aiming: Paralyse
Press: ? - help, Shift-Dir - straight line, f/p - 14-headed hydra
Aim: a 14-headed hydra (heavily wounded, haloed, chance to affect: 17%)
The 14-headed hydra resists with almost no effort.
You block the 14-headed hydra's attack. The 14-headed hydra bites you.
* * * LOW HITPOINT WARNING * * *
The 14-headed hydra bites you!
* * * LOW HITPOINT WARNING * * *
The 14-headed hydra bites you! The Shining One protects you from harm!
The 14-headed hydra completely misses you.
The 14-headed hydra barely misses you.
The 14-headed hydra bites you but does no damage.
The 14-headed hydra closely misses you. You block the 14-headed hydra's attack.
The 14-headed hydra barely misses you.
The 14-headed hydra bites you but does no damage.
The 14-headed hydra barely misses you. You block the 14-headed hydra's attack.
The 14-headed hydra completely misses you.
Aiming: Paralyse
Press: ? - help, Shift-Dir - straight line, f/p - 14-headed hydra
Aim: a 14-headed hydra (heavily wounded, haloed, chance to affect: 17%)
The 14-headed hydra resists with almost no effort.
The 14-headed hydra misses you. You block the 14-headed hydra's attack.
The 14-headed hydra misses you.
The 14-headed hydra bites you but does no damage.
The 14-headed hydra misses you. The 14-headed hydra bites you.
* * * LOW HITPOINT WARNING * * *
The 14-headed hydra bites you!
You die...

#.# #.# #.# ######## #.#
#......# #.# #.####.#
####.###
#.####.######......#
#.#...........#....###.##
#.#.##.######@#.#........
###.#.##.##
#D<....###.###
#.........# #.#....# #.
#.#.......# #.##.#.#
###..# #.###(#.#.#
#......# .....## #.#
#.....# ####.### #....
#.# #.....# ##'## #)...
#.# ##....# ##...## ##.##
#.#####.#.# ##..(..##
##.##


You could see a 14-headed hydra.

Vanquished Creatures
  Jorgrun (D:13)
  2 catoblepae
  4 boulder beetles
  3 centaur warriors
  2 two-headed ogres
  The ghost of Karim the Covert, a novice GnDe of Uskayaw (D:10)
  4 tengu warriors
  8 skeletal warriors
  Pikel (D:8)
  2 ugly things
  A deep elf pyromancer (D:13)
  2 harpies (D:12)
  4 cyclopes
  A salamander (shapeshifter) (D:14)
  A manticore (D:13)
  A black mamba (shapeshifter) (D:11)
  Maggie (D:8)
  Joseph (D:7)
  Psyche (D:8)
  Jeremiah (D:8)
  An unseen horror (D:11)
  A freezing wraith (D:10)
  A tengu conjurer (D:13)
  Prince Ribbit (D:6)
  2 trolls
  Sigmund (D:4)
  9 slime creatures (D:12)
  4 shadows
  2 wraiths
  4 basilisks
  4 yaks (D:7)
  2 wyverns
  A human (D:14)
  Eustachio (D:6)
  2 steam dragons (D:8)
  5 vampire mosquitoes
  3 acid dragons
  A water moccasin (D:7)
  A sky beast (D:7)
  2 black bears
  5 orc warriors
  2 ice beasts (D:7)
  3 ogres
  A phantom (D:4)
  14 centaurs
  A lemure (D:8)
  3 kobold brigands
  3 elf zombies (Ossuary)
  A gnoll sergeant (D:8)
  A scorpion (D:5)
  8 wights
  8 killer bees
  8 howler monkeys
  3 jellies
  11 orc priests
  Crazy Yiuf (D:6)
  A gnoll bouda (D:6)
  2 human zombies (Ossuary)
  3 hounds
  12 orc wizards
  3 iguanas
  2 mummies (Ossuary)
  6 adders
  7 gnolls
  3 shadow imps
  2 white imps
  An adder zombie (Ossuary)
  2 dart slugs (D:2)
  35 orcs
  6 endoplasms
  A giant cockroach (D:3)
  7 goblins
  5 hobgoblins
  6 jackals
  6 quokkas
  7 ball pythons
  3 bats
  3 frilled lizards
  A goblin zombie (Ossuary)
  10 hobgoblin zombies (Ossuary)
  A jackal zombie (Ossuary)
  19 kobolds
  13 kobold zombies (Ossuary)
  5 orc zombies (Ossuary)
  10 rats
  A rat zombie (Ossuary)
346 creatures vanquished.

Vanquished Creatures (others)
  A harpy (D:12)
1 creature vanquished.

Grand Total: 347 creatures vanquished

Notes
Turn   | Place    | Note
-------+----------+-------------------------------------------
     0 | D:1      | senseless the Minotaur Fighter began the quest for the Orb.
     0 | D:1      | Reached XP level 1. HP: 19/19 MP: 0/0
    88 | D:1      | Reached XP level 2. HP: 27/27 MP: 1/1
   291 | D:1      | Reached XP level 3. HP: 33/33 MP: 2/2
   544 | D:2      | Identified the +0 robe of Hangman {Str+7 Int-2 Stlth+}
  1347 | D:3      | Reached XP level 4. HP: 41/41 MP: 3/3
  1349 | D:3      | Identified the +7 dagger "Lamavit" {freeze, Int+2}
  1935 | D:4      | Found a staircase to the Ecumenical Temple.
  1948 | Temple   | Entered the Ecumenical Temple
  1953 | Temple   | Became a worshipper of the Shining One
  2079 | D:4      | Noticed a phantom
  2091 | D:4      | Killed a phantom
  2092 | D:4      | Reached XP level 5. HP: 33/47 MP: 4/4
  2321 | D:4      | Noticed Sigmund
  2326 | D:4      | Killed Sigmund
  2327 | D:4      | Reached skill level 5 in Fighting
  2327 | D:4      | Reached skill level 5 in Armour
  2327 | D:4      | Reached skill level 5 in Shields
  2327 | D:4      | Reached XP level 6. HP: 54/56 MP: 5/5
  2899 | D:5      | Entered Level 5 of the Dungeon
  3159 | D:5      | Reached skill level 5 in Axes
  3226 | D:5      | Reached XP level 7. HP: 62/62 MP: 6/6
  3626 | D:6      | Reached * piety under the Shining One
  3761 | D:6      | Found a runed translucent door.
  3762 | D:6      | Noticed Crazy Yiuf
  3767 | D:6      | Killed Crazy Yiuf
  3940 | D:6      | Noticed Prince Ribbit
  3945 | D:6      | Killed Prince Ribbit
  3946 | D:6      | Reached XP level 8. HP: 58/71 MP: 7/7
  4075 | D:6      | Noticed Eustachio
  4088 | D:6      | Killed Eustachio
  4283 | D:6      | Found Meri's Tremendous Tomes.
  4686 | D:7      | Reached ** piety under the Shining One
  4696 | D:7      | Reached XP level 9. HP: 22/81 MP: 8/8
  5067 | D:7      | Identified the +4 rapier of Contradiction {drain, Str+4
                  | Int+2}
  5141 | D:7      | Noticed Joseph
  5167 | D:7      | Killed Joseph
  6258 | D:8      | Found a sand-covered staircase.
  6290 | D:8      | Noticed Psyche
  6303 | D:8      | Killed Psyche
  6304 | D:8      | Reached XP level 10. HP: 91/91 MP: 9/9
  6531 | D:8      | Noticed Jeremiah
  6539 | D:8      | Killed Jeremiah
  6552 | Ossuary  | Entered an ossuary
  6558 | Ossuary  | Reached *** piety under the Shining One
  6605 | Ossuary  | Reached **** piety under the Shining One
  6725 | Ossuary  | Reached ***** piety under the Shining One
  6994 | D:8      | Noticed Pikel
  7002 | D:8      | Killed Pikel
  7003 | D:8      | Reached skill level 10 in Fighting
  7003 | D:8      | Reached skill level 10 in Armour
  7029 | D:8      | Noticed Maggie
  7041 | D:8      | Reached skill level 10 in Shields
  7042 | D:8      | Killed Maggie
  7156 | D:8      | Identified the +4 ring mail of the Ladybird {rElec rN+}
  7245 | D:8      | Found a sacrificial altar of Ru.
  7469 | D:9      | Reached skill level 10 in Axes
  7506 | D:9      | Found a radiant altar of Vehumet.
  7515 | D:9      | Noticed a centaur warrior
  7523 | D:9      | Killed a centaur warrior
  7971 | D:10     | Entered Level 10 of the Dungeon
  8073 | D:10     | Gained mutation: Your body sometimes deteriorates upon
                  | taking damage. [potion of mutation]
  8073 | D:10     | Gained mutation: You are frail. (-10% HP) [potion of
                  | mutation]
  8073 | D:10     | Gained mutation: You have an increased reservoir of magic.
                  | (+10% MP) [potion of mutation]
  8073 | D:10     | Gained mutation: Your flesh is cold resistant. (rC+)
                  | [potion of mutation]
  8126 | D:10     | Reached XP level 11. HP: 90/90 MP: 11/11
  8257 | D:10     | Found an iron altar of Okawaru.
  8377 | D:10     | Found a runed translucent gate.
  8386 | D:10     | Found a runed translucent gate.
  8386 | D:10     | Found a runed translucent gate.
  8389 | D:10     | Noticed Karim's ghost (novice GnDe)
  8415 | D:10     | Killed Karim's ghost
  8473 | D:10     | Identified the ring of Anarchy {Drain rF+++ MP+9 Str-2
                  | Stlth+}
  8563 | D:10     | Found a basalt altar of Yredelemnul.
  8564 | D:10     | Found a hazy altar of Hepliaklqana.
  8653 | D:11     | Found a shadowy altar of Dithmenos.
  8696 | D:11     | Noticed a two-headed ogre
  8708 | D:11     | Killed a two-headed ogre
  8760 | D:11     | Found a staircase to the Lair.
  8912 | D:11     | Noticed a skeletal warrior
  8937 | D:11     | Killed a skeletal warrior
  8973 | D:11     | Noticed a skeletal warrior
  8986 | D:11     | Killed a skeletal warrior
  8989 | D:11     | Noticed a skeletal warrior
  9011 | D:11     | The Shining One protects you from harm!
  9012 | D:11     | Killed a skeletal warrior
  9027 | D:11     | Noticed a skeletal warrior
  9042 | D:11     | Killed a skeletal warrior
  9100 | D:11     | Noticed a skeletal warrior
  9124 | D:11     | Killed a skeletal warrior
  9145 | D:11     | Noticed a boulder beetle
  9184 | D:11     | Killed a boulder beetle
  9538 | D:12     | Reached XP level 12. HP: 52/101 MP: 12/12
  9744 | D:12     | Noticed a catoblepas
  9745 | D:12     | Noticed a boulder beetle
  9776 | D:12     | Killed a catoblepas
  9837 | D:12     | Killed a boulder beetle
  9988 | D:12     | Reached ****** piety under the Shining One
 10269 | D:12     | Found a staircase to the Orcish Mines.
 10578 | D:13     | Noticed Jorgrun
 10580 | D:13     | Noticed a tengu warrior
 10582 | D:13     | Noticed a tengu warrior
 10599 | D:13     | Killed Jorgrun
 10615 | D:13     | Killed a tengu warrior
 10621 | D:13     | Killed a tengu warrior
 10740 | D:13     | HP: 5/103 [skeletal warrior/+0 dire flail (29)]
 10871 | D:13     | Noticed a boulder beetle
 10891 | D:13     | Killed a boulder beetle
 10932 | D:13     | Got a vibrating book
 10976 | D:13     | Noticed a centaur warrior
 10990 | D:13     | Killed a centaur warrior
 10991 | D:13     | Reached XP level 13. HP: 39/110 MP: 13/13
 12258 | D:14     | The Shining One protects you from harm!
 12259 | D:14     | HP: 3/111 [14-headed hydra (5)]
 12259 | D:14     | Mangled by a 14-headed hydra

Illustrated notes

Levels and vault maps discovered:
D:1:      eino_arrival_water_star, layout_rooms
D:2:      layout_loops_corners, kennysheep_generic_room_6
D:3:      layout_rooms
D:4:      layout_layer_cave, minmay_temple_entry_metal_lava, patterned_corridor,
          uniq_sigmund
D:5:      layout_loops_ring
D:6:      layout_loops_ring, nicolae_shop_i_like_big_books, uniq_prince_ribbit1,
          uniq_crazy_yiuf_cottage, uniq_eustachio
D:7:      layout_layer_cave, hex_medium, uniq_joseph
D:8:      layout_gridville, kennysheep_mini_moat,
          nicolae_ossuary_entry_false_entrances, serial_park_tiny_pond,
          uniq_pikel, uniq_jeremiah, uniq_psyche, uniq_maggie
D:9:      layout_roguey, mainiacjoe_overflow_brackets
D:10:     layout_cave_pools, okawaru_trees_1, gammafunk_temple_overflow_statue,
          gammafunk_ghost_spectres
D:11:     layout_roguey, lair_entry_dummy, grunt_dithmenos_smoke
D:12:     layout_loops_ring, david_orc_2, argonaut_gorgonesque
D:13:     nicolae_hitomezashi [nicolae_hito_row, nicolae_hito_row,
          nicolae_hito_row, nicolae_hito_row, nicolae_hito_row,
          nicolae_hito_row, nicolae_hito_row, nicolae_hito_row,
          nicolae_hito_row, nicolae_hito_row, nicolae_hito_row,
          nicolae_hito_row, nicolae_hito_row, nicolae_hito_row,
          nicolae_hito_row, nicolae_hito_row, nicolae_hito_row,
          nicolae_hito_row], layout_loops_ring, uniq_jorgrun
D:14:     layout_loops_corners, grunt_vaults_entry_fortified
Temple:   nicolae_temple_bog_church

Skill      XL: |  1  2  3  4  5  6  7  8  9 10 11 12 13 |
---------------+----------------------------------------+-----
Fighting       | 4 5 6 7 9 10 12 13 14 | 14.2
Armour         | 4 5 6 8 9 10 12 13 14 | 14.2
Axes           | 3 4 5 6 7 9 10 12 13 14 | 14.0
Shields        | 4 5 6 7 9 10 12 13 14 | 14.2

Action                     |  1- 3 |  4- 6 |  7- 9 | 10-12 | 13-15 || total
---------------------------+-------+-------+-------+-------+-------++-------
  Melee: War axe           |    86 |    68 |   175 |   589 |    77 ||   995
         Headbutt          |    13 |    10 |    52 |   171 |    29 ||   275
         Unarmed           |       |       |     3 |       |       ||     3
  Evoke: Wand              |       |       |       |     2 |     8 ||    10
    Use: Scroll            |       |       |    12 |    13 |       ||    25
         Potion            |       |       |       |     5 |     1 ||     6
 Armour: Scale mail        |    61 |    31 |    13 |       |       ||   105
         Chain mail        |       |       |    41 |       |       ||    41
         Plate armour      |       |       |    18 |    39 |       ||    57
         Skin              |       |       |     4 |       |       ||     4
         Ring mail         |       |       |       |   296 |    87 ||   383
  Dodge: Dodged            |    46 |    47 |   164 |   366 |    92 ||   715
  Block: Buckler           |    19 |    12 |    54 |   135 |       ||   220
         Kite shield       |       |       |       |    71 |    76 ||   147
         Reflection        |       |       |       |     4 |    21 ||    25

Table legend: (Time is in decaauts)
 A = Elapsed time spent in this place.
 B = Non-inter-level travel time spent in this place.
 C = Inter-level travel time spent in this place.
 D = Time resting spent in this place.
 E = Time spent auto-exploring this place.
 F = Levels seen in this place.
 G = Mean time per level.
                   A        B        C        D        E       F      G
               +--------+--------+--------+--------+--------+-----+--------+
         Total |  12333 |  11985 |    348 |    141 |   9337 |  16 |  770.8 |
       Dungeon |  12079 |  11735 |    344 |    141 |   9236 |  14 |  862.8 |
        Temple |     10 |      6 |      4 |      0 |      0 |   1 |   10.0 |
       Ossuary |    243 |    243 |      0 |      0 |    101 |   1 |  243.0 |
               +--------+--------+--------+--------+--------+-----+--------+

Top non-repeatable levels by time:
     D:7: 1563 daAuts
     D:4: 1194 daAuts
     D:8: 1049 daAuts
    D:12: 1017 daAuts
     D:6: 920 daAuts
    D:13: 908 daAuts
    D:11: 885 daAuts
     D:2: 845 daAuts
    D:14: 812 daAuts
     D:5: 691 daAuts
    D:10: 650 daAuts
     D:9: 643 daAuts
     D:1: 520 daAuts
     D:3: 376 daAuts
 Ossuary: 243 daAuts
